 Dungeon Crawl Stone Soup version 0.30-a0-292-g0f741e3f8e (webtiles) character file.

Game seed: 16441457714519265175

2994 Iusername the Blocker (level 9, -9/82 HPs)
             Began as a Minotaur Fighter on Oct 17, 2022.
             Was a Priest of the Shining One.
             Mangled by a manticore (10 damage)
             ... on level 7 of the Dungeon.
             The game lasted 00:06:40 (6624 turns).

Iusername the Blocker (Minotaur Fighter)            Turns: 6624, Time: 00:06:41

Health: -9/82      AC: 10    Str: 25    XL:     9   Next: 54%
Magic:  8/8        EV:  9    Int: 11    God:    the Shining One [***...]
Gold:   363        SH:  6    Dex: 10    Spells: 8/8 levels left

rFire   . . .      SeeInvis .    d - +3 war axe (distort)
rCold   . . .      Faith    +    c - +0 buckler
rNeg    + . .      Spirit   .    b - +0 scale mail
rPois   .          Reflect  .    (helmet restricted)
rElec   .          Harm     .    C - +1 cloak
rCorr   .          Rampage  .    (no gloves)
Will    .....                    (no boots)
Stlth   ..........               k - amulet of faith
HPRegen 0.33/turn                t - +6 ring of intelligence
MPRegen 0.11/turn                (no ring)

@: glowing
A: horns 2, retaliatory headbutt
a: Renounce Religion, Divine Shield, Cleansing Flame


You were on level 7 of the Dungeon.
You worshipped the Shining One.
The Shining One was most pleased with you.
You visited 1 branch of the dungeon, and saw 7 of its levels.

You collected 363 gold pieces.

Inventory:

Hand Weapons
 d - a +3 war axe of distortion (weapon)
Armour
 b - a +0 scale mail (worn)
 c - a +0 buckler (worn)
 C - a +1 cloak (worn)
Jewellery
 a - a +6 ring of intelligence
 k - an amulet of faith (around neck)
 o - an amulet of the acrobat
 t - a +6 ring of intelligence (left hand)
 D - a ring of wizardry
Wands
 q - a wand of charming (1)
 y - a wand of flame (17)
 G - a wand of iceblast (10)
Scrolls
 h - 2 scrolls of teleportation {unknown}
 i - a scroll of poison {unknown}
 j - a scroll of brand weapon {unknown}
 s - a scroll of amnesia
 v - 3 scrolls of immolation
 w - 2 scrolls of butterflies
 A - a scroll of fear {unknown}
Potions
 e - 2 potions of magic {unknown}
 f - 2 potions of lignification {unknown}
 g - 4 potions of attraction {unknown}
 l - a potion of curing
 n - 3 potions of mutation {unknown}
 p - a potion of berserk rage {unknown}
 r - a potion of resistance {unknown}
 x - 3 potions of heal wounds {unknown}
 z - a potion of cancellation {unknown}
 E - a potion of ambrosia {unknown}
 F - a potion of degeneration {unknown}


   Skills:
 + Level 8.8 Fighting
 + Level 8.3 Axes
 + Level 8.8 Armour
 + Level 8.8 Shields


You had 8 spell levels left.
You didn't know any spells.
Your spell library contained the following spells:

 Spells                   Type           Power      Damage    Failure   Level
 Summon Small Mammal      Summ           0%         N/A       65%         1
 Ensorcelled Hibernation  Hex/Ice        0%         N/A       80%         2
 Passwall                 Tmut/Erth      0%         N/A       80%         2
 Call Canine Familiar     Summ           0%         N/A       95%         3
 Portal Projectile        Hex/Tloc       0%         N/A       95%         3
 Spider Form              Tmut/Pois      0%         N/A       95%         3
 Summon Guardian Golem    Hex/Summ       0%         N/A       95%         3
 Swiftness                Air            0%         N/A       95%         3
 Anguish                  Hex/Necr       0%         N/A       100%        4
 Leda's Liquefaction      Hex/Erth       0%         N/A       100%        4


Dungeon Overview and Level Annotations

Branches:
Dungeon (7/15)             Temple (0/1) D:5

Altars:
Ashenzari
Cheibriados
Hepliaklqana
Makhleb
Okawaru
Sif Muna
Trog
Wu Jian
Yredelemnul
The Shining One

Annotations:
D:6 1 runed translucent door, sleeves's ghost, novice VSBr


Innate Abilities, Weirdness & Mutations

You have a pair of horns on your head.
You reflexively headbutt those who attack you in melee.


Message History

The volley of spikes misses you.
Things that are here:
a +0 dagger; an orc corpse You start resting.
A manticore is nearby!
A manticore is nearby!
The manticore bites you!!
* * * LOW HITPOINT WARNING * * *
The manticore claws you.
* * * LOW HITPOINT WARNING * * *
The manticore claws you but does no damage.
You feel better.
The manticore bites you but does no damage.
The manticore claws you but does no damage.
The manticore claws you.
* * * LOW HITPOINT WARNING * * *
You slash the manticore!
The manticore is moderately wounded.
The manticore bites you!
* * * LOW HITPOINT WARNING * * *
You block the manticore's attack. The manticore claws you.
* * * LOW HITPOINT WARNING * * *
You feel better. The manticore bites you.
* * * LOW HITPOINT WARNING * * *
The manticore claws you but does no damage.
The manticore claws you.
* * * LOW HITPOINT WARNING * * *
You slash the manticore!
Space warps around the manticore.
You headbutt the manticore!
The manticore is almost dead.
The manticore closely misses you.
The manticore claws you but does no damage. x2
You hit the manticore but do no damage.
Space warps around the manticore.
The manticore is almost dead.
The manticore bites you!
* * * LOW HITPOINT WARNING * * *
The manticore claws you! The Shining One protects you from harm!
The manticore claws you!
You die...

....#...... ......... ###
# ...#... .[ .# ...##...
# H# ..## ...#....
#.###.# ###...# ...#..#
#..$.^#........
......#... #...........
......#..### #†###...#
......#......#.H@....#
..........#..........#
..........#.###?.....#
..........#......#...#.
.......................
....)....###......##.#..
##.#.)........#.....##...
###..).......#...8#8.....
#...........#...#####..


You could see a manticore.

Vanquished Creatures
  Maggie (D:6)
  A slime creature (D:7)
  Sigmund (D:3)
  A wyvern (D:7)
  Eustachio (D:4)
  An orc warrior (D:7)
  4 ice beasts
  2 sky beasts
  An ogre (D:4)
  A centaur (D:5)
  A phantom (D:5)
  2 bullfrogs (D:7)
  2 necrophages
  3 scorpions
  Crazy Yiuf (D:4)
  An orc priest (D:6)
  A hound (D:6)
  4 iguanas
  A jelly (D:6)
  3 iron imps (D:3)
  A gnoll bouda (D:7)
  An orc wizard (D:3)
  10 gnolls
  11 adders
  A shadow imp (D:7)
  An ufetubus (D:5)
  3 worms
  2 dart slugs
  25 orcs
  4 endoplasms
  A giant cockroach (D:3)
  7 goblins
  6 hobgoblins
  2 jackals (D:5)
  3 quokkas (D:2)
  5 ball pythons
  A frilled lizard (D:2)
  7 kobolds
  A rat (D:1)
125 creatures vanquished.

Notes
Turn   | Place    | Note
-------+----------+-------------------------------------------
     0 | D:1      | Iusername the Minotaur Fighter began the quest for the Orb.
     0 | D:1      | Reached XP level 1. HP: 19/19 MP: 0/0
   323 | D:1      | Reached XP level 2. HP: 27/27 MP: 1/1
  1073 | D:2      | Found a faded altar of an unknown god.
  1125 | D:2      | Prayed at the altar of an unknown god.
  1125 | D:2      | Became a worshipper of the Shining One
  1125 | D:2      | Reached * piety under the Shining One
  1159 | D:2      | Found a snail-covered altar of Cheibriados.
  1178 | D:2      | Reached XP level 3. HP: 29/33 MP: 2/2
  1446 | D:2      | Reached XP level 4. HP: 40/40 MP: 3/3
  1768 | D:3      | Noticed Sigmund
  1778 | D:3      | Killed Sigmund
  1779 | D:3      | Reached skill level 5 in Fighting
  1779 | D:3      | Reached skill level 5 in Armour
  1779 | D:3      | Reached skill level 5 in Shields
  1779 | D:3      | Reached XP level 5. HP: 42/48 MP: 4/4
  1930 | D:3      | Reached XP level 6. HP: 55/56 MP: 5/5
  1943 | D:3      | Found an ornate altar of the Wu Jian Council.
  1992 | D:3      | Reached ** piety under the Shining One
  2114 | D:3      | Found a basalt altar of Yredelemnul.
  2117 | D:3      | Found a bloodstained altar of Trog.
  2121 | D:3      | Found a hazy altar of Hepliaklqana.
  2220 | D:3      | Found a broken altar of Ashenzari.
  2452 | D:3      | Found a burning altar of Makhleb.
  2954 | D:4      | Reached skill level 5 in Axes
  2954 | D:4      | Reached XP level 7. HP: 61/62 MP: 6/6
  3096 | D:4      | Found a runed translucent door.
  3097 | D:4      | Noticed Crazy Yiuf
  3172 | D:4      | Noticed Eustachio
  3192 | D:4      | Killed Eustachio
  3728 | D:4      | Killed Crazy Yiuf
  3788 | D:5      | Entered Level 5 of the Dungeon
  3809 | D:5      | Found a staircase to the Ecumenical Temple.
  3844 | D:5      | Found a shimmering blue altar of Sif Muna.
  4471 | D:5      | Reached XP level 8. HP: 68/71 MP: 7/7
  5263 | D:6      | Found a runed translucent door.
  5312 | D:6      | Noticed Maggie
  5323 | D:6      | Killed Maggie
  5728 | D:6      | Reached *** piety under the Shining One
  5765 | D:6      | Reached XP level 9. HP: 81/81 MP: 8/8
  6057 | D:6      | Identified the +0 leather armour of the Maze {rN+ Str+4}
  6129 | D:6      | Noticed sleeves's ghost (novice VSBr)
  6568 | D:7      | Found an iron altar of Okawaru.
  6612 | D:7      | Noticed a manticore
  6624 | D:7      | HP: 1/82 [manticore (15)]
  6624 | D:7      | The Shining One protects you from harm!
  6624 | D:7      | Mangled by a manticore

Illustrated notes

Levels and vault maps discovered:
D:1:      dpeg_arrival_shrine, layout_basic, serial_co_window_serial,
          co_window_corner_a, co_window_of_opportunity_a, co_window_paths_a,
          co_window_paths_b, co_window_paths_a, co_window_broadway_c,
          co_window_broadway_c, co_window_corner_b, co_window_4corner_a,
          co_window_4corner_b, glass_columns_a, glass_columns_c,
          glass_columns_c, glass_columns_a
D:2:      wad_crossroads, layout_basic, ebering_ecumenical_altar_abandoned,
          basic_altar
D:3:      layout_basic, nicolae_wu_jian_wuxing_cycle, demons_altar,
          nicolae_overflow_hidden_temple, grunt_temple_overflow_diamond,
          uniq_sigmund
D:4:      nicolae_cairo_tiling_large_dashed, layout_loops_corners,
          uniq_eustachio, uniq_crazy_yiuf_cottage
D:5:      layout_basic, kennysheep_orc_sif_temple,
          minmay_temple_entry_crystal_x, water_boxes_lemuel
D:6:      layout_basic, hellmonk_ghost_happy_afterlife, uniq_maggie
D:7:      hangedman_cross_stitches, layout_cave_pools, good_gods_temple_1,
          mainiacjoe_overflow_divided_tiny, nicolae_overflow_quartered_altars

Skill      XL: |  1  2  3  4  5  6  7  8  9 |
---------------+----------------------------+-----
Fighting       | 4 5 6 8 |  8.8
Armour         | 4 5 6 8 |  8.8
Shields        | 4 5 6 8 |  8.8
Axes           | 3 4 5 7 8 |  8.3

Action                   |  1- 3 |  4- 6 |  7- 9 || total
-------------------------+-------+-------+-------++-------
Melee: War axe           |    43 |    78 |   150 ||   271
       Headbutt          |     8 |    21 |    29 ||    58
  Use: Scroll            |       |       |     7 ||     7
       Potion            |       |       |     5 ||     5
Armor: Scale mail        |    16 |    18 |    74 ||   108
Dodge: Dodged            |    16 |    23 |    63 ||   102
Block: Buckler           |     9 |    13 |    49 ||    71

Table legend: (Time is in decaauts)
 A = Elapsed time spent in this place.
 B = Non-inter-level travel time spent in this place.
 C = Inter-level travel time spent in this place.
 D = Time resting spent in this place.
 E = Time spent auto-exploring this place.
 F = Levels seen in this place.
 G = Mean time per level.
                   A        B        C        D        E       F      G
               +--------+--------+--------+--------+--------+-----+--------+
         Total |   6702 |   6487 |    215 |    703 |   5015 |   7 |  957.4 |
       Dungeon |   6702 |   6487 |    215 |    703 |   5015 |   7 |  957.4 |
               +--------+--------+--------+--------+--------+-----+--------+

Top non-repeatable levels by time:
     D:5: 1488 daAuts
     D:4: 1183 daAuts
     D:6: 1089 daAuts
     D:1: 1079 daAuts
     D:3: 867 daAuts
     D:2: 708 daAuts
     D:7: 285 daAuts
